 Dungeon Crawl Stone Soup version 0.28.0-53-g5a82cb258f (webtiles) character file.

Game seed: 16377423617064042186

695 MiltankisOP the Chiller (level 7, -9/52 HPs)
             Began as a Demonspawn Abyssal Knight on June 17, 2022.
             Was a Believer of Lugonu.
             Mangled by an ice beast (12 damage)
             ... on level 5 of the Dungeon.
             The game lasted 00:09:20 (5864 turns).

MiltankisOP the Chiller (Demonspawn Abyssal Knight) Turns: 5864, Time: 00:09:21

Health: -9/52      AC:  4    Str: 13    XL:     7   Next: 37%
Magic:  11/11      EV: 14    Int: 14    God:    Lugonu [**....]
Gold:   206        SH:  5    Dex: 13    Spells: 11/12 levels left

rFire   . . .      SeeInvis .   a - +1 mace
rCold   . . .      Faith    .   p - +2 buckler
rNeg    . . .      Spirit   .   b - +0 leather armour
rPois   .          Reflect  .   k - +0 helmet
rElec   .          Harm     .   (no cloak)
rCorr   .          Rampage  .   (no gloves)
Will    .....                   (no boots)
Stlth   +.........              l - amulet of the acrobat
HPRegen 0.17/turn               e - +4 ring of evasion
MPRegen 0.12/turn               (no ring)

@: marked
A: powered by pain 2, demonic magic 2
a: Renounce Religion, Depart the Abyss, Bend Space


You were on level 5 of the Dungeon.
You worshipped Lugonu.
Lugonu was pleased with you.
You visited 1 branch of the dungeon, and saw 5 of its levels.
You visited the Abyss 1 time.

You collected 206 gold pieces.

Inventory:

Hand Weapons
 a - a +1 mace (weapon)
Armour
 b - a +0 leather armour (worn)
 k - a +0 helmet (worn)
 p - a +2 buckler (worn)
Jewellery
 e - a +4 ring of evasion (left hand)
 l - an amulet of the acrobat (around neck)
Wands
 m - a wand of iceblast (7)
Scrolls
 c - a scroll of fog {unknown}
 d - 4 scrolls of identify {unknown}
 f - 3 scrolls of magic mapping {unknown}
 g - a scroll of torment {unknown}
 n - 3 scrolls of amnesia {unknown}
 q - a scroll of summoning {unknown}


   Skills:
 - Level 3.0 Fighting
 - Level 4.0 Maces & Flails
 - Level 1.7 Armour
 - Level 0.8 Dodging
 - Level 3.0 Spellcasting
 + Level 5.4 Ice Magic
 - Level 2.4 Invocations


You had 11 spell levels left.
You knew the following spells:

 Your Spells              Type           Power      Damage    Failure   Level
a - Freeze                Ice            68%        1d8       4%          1

Your spell library contained the following spells:

 Spells                   Type           Power      Damage    Failure   Level
 Frozen Ramparts          Ice            34%        1d5       12%         3
 Apportation              Tloc           4%         N/A       36%         1
 Corpse Rot               Necr/Air       4%         N/A       50%         2
 Poisonous Vapours        Pois/Air       4%         N/A       50%         2
 Hailstorm                Conj/Ice       9%         3d4       77%         4
 Alistair's Intoxication  Tmut/Pois      1%         N/A       100%        5


Dungeon Overview and Level Annotations

Branches:
Dungeon (5/15)             Temple (0/1) D:4

Altars:
Wu Jian
Xom


Innate Abilities, Weirdness & Mutations

You sometimes gain power by taking damage.
Spells you cast may paralyse nearby enemies.


Message History

You closely miss the ice beast.
The ice beast is severely wounded.
You block the ice beast's attack. The ice beast hits you.
The ice beast freezes you!
You hit the ice beast.
The ice beast is severely wounded.
The ice beast hits you but does no damage.
You barely miss the ice beast.
The ice beast is severely wounded.
The crimson imp blinks!
The ice beast closely misses you.
You hit the ice beast.
The ice beast is almost dead.
The ice beast hits you. The ice beast freezes you!
You hit the ice beast but do no damage.
The ice beast is almost dead.
The ice beast misses you.
The crimson imp blinks!
The ice beast misses you.
You barely miss the ice beast.
The ice beast is almost dead.
The crimson imp blinks!
The ice beast hits you. The ice beast freezes you.
You barely miss the ice beast.
The ice beast is almost dead.
The crimson imp misses you.
The crimson imp blinks!
The crimson imp puffs mist at you. The ice beast hits you.
* * * LOW HITPOINT WARNING * * *
The ice beast freezes you!
* * * LOW HITPOINT WARNING * * *
The crimson imp blinks!
You closely miss the ice beast.
The ice beast is almost dead.
The ice beast closely misses you.
The crimson imp blinks!
You barely miss the ice beast.
The ice beast is almost dead.
The crimson imp blinks!
You block the ice beast's attack. The crimson imp hits you.
* * * LOW HITPOINT WARNING * * *
The crimson imp blinks!
The ice beast hits you.
* * * LOW HITPOINT WARNING * * *
The ice beast freezes you!
You die...

#### #..# # #..# #^#
#..##############
#...#..§.§Y@§§......#
+.5.'5#.####5....##(#.##
#.5.###.# #......5.....
#5# #.# #......#.#.## #
#.# #....[.#.#.# #.#
######.#.#.# ..# #.#.#.#
###########.#.#.#
.........#.#.#.#


You could see an ice beast and 2 crimson imps.

Vanquished Creatures
  Menkaure (D:4)
  A black bear (D:4)
  A necrophage (D:4)
  2 scorpions (D:4)
  A water moccasin zombie (D:5)
  A bullfrog zombie (D:5)
  A howler monkey zombie (D:4)
  A gnoll (D:1)
  7 adders
  An ufetubus (D:5)
  A worm (D:2)
  A dart slug (D:4)
  2 orcs
  7 bats
  8 endoplasms
  2 giant cockroaches
  5 goblins
  5 hobgoblins
  11 jackals
  9 kobolds
  4 quokkas
  6 ball pythons
  4 frilled lizards
  23 rats
105 creatures vanquished.

Vanquished Creatures (others)
  2 fungi (D:1)
  3 plants (D:1)
5 creatures vanquished.

Grand Total: 110 creatures vanquished

Notes
Turn   | Place    | Note
-------+----------+-------------------------------------------
     0 | Abyss:1  | MiltankisOP the Demonspawn Abyssal Knight began the quest
                  | for the Orb.
     0 | Abyss:1  | Reached XP level 1. HP: 18/18 MP: 2/2
    52 | Abyss:1  | Noticed a small abomination
    53 | Abyss:1  | Noticed a wretched star
    58 | D:1      | Escaped the Abyss
   111 | D:1      | Reached * piety under Lugonu
   337 | D:1      | Gained mutation: Spells you cast may paralyse adjacent
                  | enemies. [demonic ancestry]
   337 | D:1      | Reached XP level 2. HP: 22/24 MP: 3/3
   368 | D:1      | Found a faded altar of an unknown god.
   748 | D:1      | Reached skill level 1 in Spellcasting
   894 | D:1      | Gained mutation: You sometimes gain a little power by
                  | taking damage. [demonic ancestry]
   894 | D:1      | Reached XP level 3. HP: 29/29 MP: 4/4
  1962 | D:2      | Reached ** piety under Lugonu
  2120 | D:2      | Gained mutation: You sometimes gain power by taking damage.
                  | [demonic ancestry]
  2120 | D:2      | Reached XP level 4. HP: 14/35 MP: 6/6
  2823 | D:3      | Found an ornate altar of the Wu Jian Council.
  3986 | D:4      | Found a staircase to the Ecumenical Temple.
  3989 | D:4      | Gained mutation: Spells you cast may paralyse nearby
                  | enemies. [demonic ancestry]
  3989 | D:4      | Reached XP level 5. HP: 41/41 MP: 8/8
  4033 | D:4      | Noticed Menkaure
  4112 | D:4      | Noticed a black bear
  4239 | D:4      | Reached skill level 1 in Ice Magic
  4327 | D:4      | Noticed a necrophage
  4334 | D:4      | HP: 3/60 [necrophage (5)]
  4335 | D:4      | Killed Menkaure
  4336 | D:4      | Reached skill level 3 in Ice Magic
  4336 | D:4      | Reached XP level 6. HP: 3/47 MP: 10/10
  4698 | D:4      | Learned a level 1 spell: Freeze
  4731 | D:4      | Reached skill level 4 in Ice Magic
  5147 | D:4      | Reached XP level 7. HP: 25/52 MP: 6/11
  5516 | D:5      | Entered Level 5 of the Dungeon
  5530 | D:5      | Reached skill level 5 in Ice Magic
  5841 | D:5      | Found a shimmering altar of Xom.
  5864 | D:5      | Mangled by an ice beast

Illustrated notes

Levels and vault maps discovered:
D:1:      saegor_arrival_simple_c, layout_basic,
          dreamdust_ecumenical_altar_grove, minmay_pentomino_x2
D:2:      layout_loops_ring
D:3:      layout_basic, mainiacjoe_overflow_chevrons, serial_corexii_hall,
          chequers_hall_statues_wall_a, chequers_hall_statues_corner_a,
          corexii_hall_statues_l, minmay_rat_hole
D:4:      layout_layer_cave, minmay_temple_entry_trees, uniq_menkaure
D:5:      layout_basic, led_xom_imps, uniq_edmund

Skill      XL: |  1  2  3  4  5  6  7 |
---------------+----------------------+-----
Maces & Flails | 2 3 4 |  4.0
Spellcasting   | 1 2 3 |  3.0
Ice Magic      | 3 4 5 |  5.4
Fighting       | |  3.0
Armour         | |  1.7
Dodging        | |  0.8
Invocations    | |  2.4

Action                   |  1- 3 |  4- 6 |  7- 9 || total
-------------------------+-------+-------+-------++-------
Melee: Mace              |   168 |   171 |    49 ||   388
       Punch             |     3 |       |       ||     3
 Cast: Freeze            |       |    10 |     3 ||    13
Invok: Depart the Abyss  |     1 |       |       ||     1
  Use: Potion            |       |     5 |       ||     5
 Stab: Sleeping          |     1 |     1 |       ||     2
       Paralysed         |       |     4 |       ||     4
Armor: Leather armour    |    57 |    34 |     4 ||    95
       Skin              |       |    10 |       ||    10
Dodge: Dodged            |   149 |    89 |    36 ||   274
Block: Buckler           |       |    36 |     9 ||    45
